 Dungeon Crawl Stone Soup version 0.27-a0-1291-geefcff550b (webtiles) character file.

Game seed: 5071775375187136339

1 avis the Chopper (level 1, 0/20 HPs)
             Began as a Hill Orc Monk on June 16, 2021.
             Slain by a jackal (3 damage)
             ... on level 1 of the Dungeon.
             The game lasted 00:00:39 (40 turns).

avis the Chopper (Hill Orc Monk)                      Turns: 40, Time: 00:00:39

Health: 0/20       AC:  2    Str: 13    XL:     1   Next: 20%
Magic:  1/1        EV: 12    Int: 10    God:
Gold:   0          SH:  0    Dex: 13    Spells: 0/0 levels left

rFire    . . .     SeeInvis .   a - +0 hand axe
rCold    . . .     Faith    .   (no shield)
rNeg     . . .     Spirit   .   b - +0 robe
rPois    .         Reflect  .   (no helmet)
rElec    .         Harm     .   (no cloak)
rCorr    .         Rampage  .   (no gloves)
Will     .....                  (no boots)
Stlth    ++........             (no amulet)
HPRegen  0.06/turn              (no ring)
MPRegen  0.07/turn              (no ring)

@: no status effects
A: no striking features
a: no special abilities


You were on level 1 of the Dungeon.
You visited 1 branch of the dungeon, and saw 1 of its levels.

Inventory:

Hand Weapons
 a - a +0 hand axe (weapon)
Armour
 b - a +0 robe (worn)
Potions
 c - a potion of mutation {unknown}


   Skills:
 + Level 3.6 Fighting
 * Level 4.1 Axes
 - Level 2.4 Dodging
 - Level 1.5 Stealth


You couldn't memorise any spells.
You didn't know any spells.
Your spell library was empty.

Dungeon Overview and Level Annotations

Branches:
Dungeon (1/15)

Altars:


Message History

You hit the jackal.
The jackal is heavily wounded.
You hit the jackal but do no damage. The jackal misses you.
The jackal bites you. The jackal completely misses you.
The jackal barely misses you.
You closely miss the jackal. You barely miss the jackal.
You closely miss the jackal. The jackal barely misses you.
The jackal bites you. The jackal closely misses you.
You completely miss the jackal. You hit the jackal but do no damage.
You closely miss the jackal. The jackal closely misses you.
The jackal barely misses you. The jackal closely misses you.
The jackal bites you. The jackal closely misses you. x2
You closely miss the jackal. x2; You completely miss the jackal.
The jackal bites you. The jackal barely misses you. x2
You closely miss the jackal. You barely miss the jackal.
You hit the jackal but do no damage. The jackal misses you.
The jackal barely misses you.
The jackal bites you but does no damage.
The jackal misses you.
The jackal bites you but does no damage.
The jackal barely misses you. The jackal bites you. x2
* * * LOW HITPOINT WARNING * * *
You hit the jackal.
The jackal is moderately wounded.
The jackal completely misses you.
The jackal bites you but does no damage.
You barely miss the jackal.
The jackal is lightly wounded.
The jackal barely misses you.
You barely miss the jackal.
The jackal is lightly wounded.
The jackal bites you.
* * * LOW HITPOINT WARNING * * *
The jackal bites you.
* * * LOW HITPOINT WARNING * * *
You hit the jackal.
The jackal is almost dead.
The jackal closely misses you. The jackal bites you.
You die...

#<.......>#
#.........#
#.........#
#.........#
#.........#≈≈
#.........#≈≈
#........≈≈≈≈
#...≈.≈≈≈≈≈≈#
###≈≈≈≈@≈≈≈≈≈##
#≈≈≈≈≈≈h≈≈≈≈##
≈≈≈≈≈≈≈h≈...#
≈≈≈≈...h....#
≈≈#.........#
≈##.........#
#.........#
#.........#
#.........#


You could see 3 jackals.

Vanquished Creatures
  A hobgoblin (D:1)
1 creature vanquished.

Notes
Turn   | Place    | Note
-------+----------+-------------------------------------------
     0 | D:1      | avis the Hill Orc Monk began the quest for the Orb.
     0 | D:1      | Reached XP level 1. HP: 19/19 MP: 1/1
    40 | D:1      | Slain by a jackal

Illustrated notes

Levels and vault maps discovered:
D:1:      lemuel_arrival_river_bridge, layout_loops_ring,
          dilly_ecumenical_altar_fadedgnrine, minmay_tetromino_l2

Action                   || total
-------------------------++-------
Melee: Hand axe          ||    15
Armor: Robe              ||     5
Dodge: Dodged            ||    22

Table legend: (Time is in decaauts)
 A = Elapsed time spent in this place.
 B = Non-inter-level travel time spent in this place.
 C = Inter-level travel time spent in this place.
 D = Time resting spent in this place.
 E = Time spent auto-exploring this place.
 F = Levels seen in this place.
 G = Mean time per level.
                   A        B        C        D        E       F      G
               +--------+--------+--------+--------+--------+-----+--------+
         Total |     41 |     41 |      0 |      0 |     11 |   1 |   41.0 |
       Dungeon |     41 |     41 |      0 |      0 |     11 |   1 |   41.0 |
               +--------+--------+--------+--------+--------+-----+--------+

Top non-repeatable levels by time:
     D:1: 41 daAuts
